Map: Acropolis LE

Players

Saiko - Winner!

  • Race: Protoss Protoss
  • Spawn Location: 5:00

JimRising

  • Race: Zerg Zerg
  • League: Grandmaster
  • Spawn Location: 11:00

Event: NationWars 2019

VOD

Have the link to the VOD?

Description

Time

  • Played on: Oct. 5, 2019, 1:26 p.m.
  • Length: 13:13
Show
View Real Time Build Order
Export as new Build Order

Saiko Protoss - Winner!

Build Orders: Phoenix Opening 

Get SALT Encoding   

  12  0:01  Probe  
  13  0:13  Probe  
  14  0:20  Pylon  
  14  0:25  Probe  
  15  0:38  Probe (Chrono Boost)  
  15  0:39  Gateway  
  16  0:49  Probe (Chrono Boost), Assimilator  
  17  0:54  Probe (Chrono Boost)  
  18  1:05  Probe  
  19  1:17  Probe  
  20  1:27  Cybernetics Core  
  20  1:31  Zealot (Chrono Boost)  
  22  1:34  Pylon  
  22  1:48  Nexus  
  22  2:03  Adept  
  22  2:04  Probe (Chrono Boost)  
  25  2:11  Assimilator  
  26  2:17  Probe (Chrono Boost)  
  26  2:23  Probe (Chrono Boost)  
  27  2:32  Probe  
  27  2:34  Stargate  
  28  2:44  Probe  
  28  2:45  Warp Gate  
  29  2:51  Adept  
  31  3:00  Probe  
  31  3:05  Probe  
  33  3:12  Probe  
  34  3:17  Phoenix (Chrono Boost), Probe  
  37  3:24  Probe  
  38  3:28  Gateway  
  38  3:29  Probe  
  39  3:35  Pylon  
  39  3:36  Probe  
  39  3:38  Phoenix  
  42  3:42  Probe  
  43  3:51  Probe  
  43  3:53  Gateway  
  44  3:56  Gateway  
  44  4:00  Probe  
  45  4:03  Probe  
  45  4:06  Phoenix (Chrono Boost)  
  48  4:13  Probe  
  49  4:17  Pylon  
  49  4:19  Pylon  
  49  4:21  Probe  
  49  4:22  Phoenix (Chrono Boost)  
  52  4:28  Probe  
  53  4:32  Pylon  
  53  4:34  Probe  
  54  4:39  Zealot  
  54  4:40  Zealot  
  54  4:44  Phoenix (Chrono Boost)  
  60  4:51  Zealot x2  
  64  4:57  Probe  
  65  5:01  Zealot  
  65  5:02  Zealot  
  69  5:09  Nexus  
  69  5:19  Zealot x2  
  73  5:25  Probe x2  
  73  5:28  Pylon  
  75  5:37  Probe  
  75  5:38  Zealot  
  78  5:48  Probe  
  78  5:49  Probe  
  80  5:55  Twilight Council  
  80  5:58  Forge  
  80  6:01  Pylon  
  80  6:04  Probe  
  75  6:05  Probe  
  75  6:06  Robotics Facility  
  68  6:16  Probe (Chrono Boost)  
  68  6:17  Probe (Chrono Boost)  
  70  6:24  Probe (Chrono Boost)  
  67  6:25  Protoss Ground Weapons Level 1 (Chrono Boost)  
  67  6:28  Charge (Chrono Boost), Probe (Chrono Boost), Gateway  
  67  6:29  Probe (Chrono Boost)  
  67  6:30  Gateway  
  67  6:31  Gateway  
  70  6:33  Probe (Chrono Boost), Gateway  
  70  6:34  Sentry x2  
  70  6:36  Shield Battery  
  70  6:39  Zealot x2, Shield Battery  
  72  6:56  Zealot x2  
  58  7:08  Gateway  
  58  7:11  Gateway, Zealot x2  
  58  7:12  Zealot x2  
  66  7:18  Warp Prism  
  68  7:24  Sentry  
  68  7:27  Pylon  
  70  7:30  Zealot x3  
  70  7:36  Zealot  
  78  7:39  Pylon x2  
  78  7:46  Zealot  
  78  7:47  Zealot x2  
  84  7:55  Pylon  
  84  7:58  Zealot x4  
  91  8:23  Zealot x4  
  91  8:24  Zealot  
  101  8:28  Pylon  
  97  8:34  Zealot x2  
  99  8:42  Zealot x2  
  99  8:47  Zealot x4  
  101  8:52  Zealot  
  87  8:59  Zealot x2  
  83  9:06  Zealot x2  
  79  9:10  Zealot x2  
  71  9:17  Zealot x2  
  71  9:23  Zealot  
  75  9:28  Zealot x2  
  61  9:39  Templar Archives  
  57  9:50  Zealot x2  
  59  10:05  Protoss Ground Weapons Level 2 (Chrono Boost)  
  59  10:14  Nexus  
  59  10:17  High Templar x2  
  59  10:18  High Templar x2  
  59  10:19  Zealot x2  
  71  10:24  Pylon  
  71  10:28  High Templar  
  73  10:29  High Templar  
  75  10:39  Archon x3  
  75  10:40  Zealot  
  75  10:41  Zealot x2  
  81  10:50  Warp Prism  
  83  11:04  Zealot  
  83  11:05  Zealot x3  
  91  11:16  Zealot x2  
  95  11:21  Zealot  
  97  11:43  High Templar x2  
  97  11:44  Zealot x5  
  109  11:49  Archon  
  109  11:51  Zealot x2  
  89  12:13  Zealot x7  
  97  12:19  Zealot x2  
Show
View Real Time Build Order
Export as new Build Order

JimRising Zerg 

Build Orders: Pool First 

Get SALT Encoding   

  12  0:17  Spawning Pool  
  11  0:22  Drone  
  11  0:26  Drone  
  13  0:31  Drone  
  14  0:40  Overlord  
  14  1:05  Zergling x6  
  17  1:18  Drone, Hatchery  
  17  1:27  Drone  
  18  1:34  Queen  
  18  1:38  Drone  
  21  1:48  Overlord  
  21  2:03  Drone  
  22  2:10  Drone, Queen  
  22  2:14  Extractor  
  24  2:23  Drone  
  25  2:30  Drone  
  25  2:31  Queen  
  25  2:34  Drone  
  29  2:44  Drone x4  
  33  2:51  Overlord  
  33  2:57  Drone  
  34  3:07  Drone x2  
  34  3:12  Overlord  
  36  3:13  Pneumatized Carapace  
  36  3:18  Drone x4  
  36  3:19  Drone  
  41  3:22  Drone x2  
  43  3:32  Drone x2  
  45  3:41  Hatchery  
  44  3:46  Overlord  
  44  3:47  Drone x2  
  46  3:52  Metabolic Boost  
  46  3:53  Drone  
  47  3:56  Drone  
  47  3:58  Spore Crawler  
  47  3:59  Overlord  
  47  4:04  Spore Crawler  
  47  4:08  Drone x3  
  49  4:12  Drone x3  
  52  4:22  Drone x2  
  52  4:23  Roach Warren  
  53  4:25  Queen  
  55  4:34  Spore Crawler, Drone x4  
  58  4:47  Lair  
  58  4:48  Drone x2  
  58  4:49  Overlord x2  
  60  5:01  Overlord  
  60  5:02  Overlord x3  
  60  5:06  Overlord  
  60  5:08  Drone x2  
  60  5:09  Extractor  
  60  5:10  Drone x2, Extractor  
  60  5:12  Drone  
  60  5:14  Drone x2  
  65  5:15  Drone  
  65  5:18  Queen  
  68  5:23  Overlord  
  68  5:26  Zergling x4  
  68  5:29  Roach x2  
  68  5:30  Roach x2  
  68  5:35  Roach  
  75  5:39  Roach  
  75  5:41  Roach  
  75  5:42  Queen  
  73  5:45  Roach  
  73  5:47  Roach  
  73  5:48  Zergling x2  
  74  5:51  Roach  
  74  5:52  Roach  
  74  5:54  Roach  
  79  6:01  Roach  
  77  6:06  Zergling x14  
  84  6:11  Zergling x2  
  84  6:12  Zergling x4  
  84  6:17  Zergling x4  
  86  6:20  Glial Reconstitution  
  86  6:23  Spore Crawler, Zergling x2  
  83  6:30  Zergling x4  
  83  6:33  Queen  
  83  6:34  Queen  
  83  6:35  Zergling x2  
  83  6:37  Zergling x2  
  89  6:45  Zergling x4  
  89  6:46  Zergling x4  
  89  6:48  Zergling x2  
  89  6:51  Roach x2  
  91  7:00  Zergling x4  
  88  7:05  Zergling x2  
  87  7:10  Drone  
  87  7:11  Queen  
  87  7:15  Drone x2  
  90  7:19  Hydralisk Den  
  90  7:20  Queen  
  90  7:21  Evolution Chamber  
  90  7:23  Drone x2  
  90  7:24  Drone  
  90  7:26  Queen  
  90  7:27  Extractor  
  90  7:35  Roach x3  
  96  7:40  Roach  
  96  7:42  Drone x2  
  100  7:46  Roach x4  
  100  7:47  Roach  
  100  7:48  Overlord  
  110  7:57  Grooved Spines, Zerg Missile Weapons Level 1  
  110  8:00  Drone x2  
  110  8:02  Hydralisk  
  110  8:05  Drone, Extractor  
  114  8:06  Extractor  
  114  8:09  Hydralisk  
  114  8:11  Drone  
  114  8:12  Queen  
  116  8:14  Drone x3  
  116  8:18  Drone  
  120  8:23  Drone x3  
  118  8:28  Roach x3  
  118  8:30  Roach x2  
  118  8:31  Ravager  
  120  8:34  Queen  
  120  8:36  Roach x3  
  120  8:42  Roach x2  
  120  8:45  Roach x2  
  120  8:47  Roach  
  116  8:49  Roach  
  116  8:52  Roach  
  116  8:55  Roach  
  105  8:57  Roach  
  105  9:00  Roach  
  90  9:04  Roach  
  69  9:12  Roach  
  67  9:17  Roach  
  67  9:20  Zergling x6  
  67  9:23  Roach  
  46  9:35  Drone  
  45  9:39  Roach  
  45  9:42  Roach  
  44  9:47  Drone x2  
  44  9:51  Drone  
  45  9:57  Roach  
  47  10:02  Drone  
  47  10:06  Drone  
  49  10:08  Roach  
  49  10:11  Roach  
  51  10:15  Roach  
  51  10:20  Roach  
  53  10:24  Zergling x4  
  55  10:30  Zergling x6  
  55  10:34  Drone x2  
  58  10:38  Drone  
  58  10:41  Drone  
  58  10:42  Drone  
  61  10:44  Roach  
  61  10:48  Roach  
  65  10:51  Drone  
  65  10:54  Roach  
  65  10:56  Drone  
  67  10:58  Roach  
  67  11:01  Drone x2  
  71  11:05  Roach  
  71  11:08  Roach  
  75  11:11  Roach  
  75  11:16  Roach  
  75  11:19  Roach  
  75  11:20  Roach  
  75  11:24  Roach  
  80  11:32  Roach x2  
  84  11:38  Roach  
  86  11:40  Roach  
  86  11:41  Zergling x2  
  89  11:48  Roach x2  
  89  11:53  Roach  
  94  12:00  Roach  
  82  12:04  Roach  
  74  12:14  Roach x2  
  71  12:19  Roach  
Tags
 
Add a new tag
Caveats
  • Supply blocks, unpowered buildings, or Contaminate may cause inaccurate times.
  • Supply counts are checked every 10 seconds.